 Dungeon Crawl Stone Soup version 0.19-a0-1090-g3c1ee9c (webtiles) character file.

121 pppaaasssddd the Covered (level 4, 0/60 HPs)
             Began as a Minotaur Fighter on Aug 7, 2016.
             Succumbed to an adder's poison
             ... on level 2 of the Dungeon.
             The game lasted 00:03:39 (1505 turns).

pppaaasssddd the Covered (Minotaur Fighter)         Turns: 1505, Time: 00:03:40

Health: 0/60       AC: 22    Str: 21    XL:     4   Next: 76%
Magic:  3/3        EV:  2    Int: 10    God:
Gold:   128        SH:  9    Dex: 10    Spells: 0 memorised, 4 levels left

rFire  . . .     SeeInvis +     a - +0 war axe
rCold  . . .     Gourm    .     (armour currently unavailable)
rNeg   + + +     Faith    .     c - +0 shield
rPois  +         Spirit   .     (helmet currently unavailable)
rElec  .         Dismiss  .     (cloak currently unavailable)
rCorr  .         Reflect  .     (gloves currently unavailable)
SustAt .         Harm     .     (boots currently unavailable)
MR     .....     NoTele   +     (no amulet)
Stlth  +.........               (no ring)
                                i - ring of see invisible

@: brilliant, lethally poisoned (0 -> -1), tree-form
A: (retaliatory headbutt), (horns 0)
a: no special abilities


You were on level 2 of the Dungeon.
You were not hungry.
You were a tree.
You visited 1 branch of the dungeon, and saw 2 of its levels.

You collected 128 gold pieces.

Inventory:

Hand Weapons
 a - a +0 war axe (weapon)
Armour
 b - a +0 scale mail (melded)
 c - a +0 shield (worn)
 n - a +0 plate armour
Jewellery
 i - a ring of see invisible (left branch)
Scrolls
 e - 6 scrolls of remove curse {unknown}
 g - 2 scrolls of recharging {unknown}
 h - a scroll of teleportation {unknown}
 m - a scroll of fog {unknown}
 p - a scroll of enchant armour {unknown}
 s - 2 scrolls of identify {unknown}
Potions
 r - a potion of mutation {unknown}
Comestibles
 f - a bread ration
 j - a royal jelly
 o - 3 chunks of flesh
 q - a meat ration


   Skills:
 + Level 4.1 Fighting
 * Level 3.9 Axes
 + Level 4.3 Armour
 + Level 1.8 Dodging
 + Level 4.1 Shields
 + Level 0.6 Spellcasting


You had 4 spell levels left.
You didn't know any spells.

Dungeon Overview and Level Annotations

Branches:
Dungeon (2/15)

Altars:

Annotations:
D:2 Natasha


Innate Abilities, Weirdness & Mutations

((You reflexively headbutt those who attack you in melee.))
((You have a pair of horns on your head.))


Message History

* * * LOW HITPOINT WARNING * * *
Natasha casts a spell at you. The magic dart hits you!
* * * LOW HITPOINT WARNING * * *
It was a potion of cancellation.
Your magical effects are unravelling.
You feel magically purged.
You feel yourself speed up. You block Natasha's attack.
It was a potion of brilliance.
You feel clever all of a sudden. You block Natasha's attack.
It was a potion of lignification.
You turn into a tree.
Your +0 scale mail melds into your body.
Your roots penetrate the ground.
Natasha stares at you and mumbles some strange words.
The magic dart hits you!
* * * LOW HITPOINT WARNING * * *
You completely miss Natasha.
You die...

..## ........ ....##.......##
#..#.....##....#..# ...
....#(...##....#.## ...
.........##......### #...
#.........##.......# ....
#...#.#.%..###..)#.######...#
.........###..##((........#
#.#####.5h♣.##..#..##...#
#...#######....###.#....#
#.#...### #..### #......#
#.###...# #########..##.#
#.###.#####.# #.......#.#
#.#......##.#######.###.#.#.#
#>#......#..........# #.#.#.#
#.#......#....###### #.#...###
#.#........##.#########.#......


You could see Natasha and a white imp.

Vanquished Creatures
  Natasha (D:2)
  4 gnolls (D:2)
  An adder (D:2)
  An ooze (D:1)
  A worm (D:2)
  A dart slug (D:2)
  2 giant cockroaches
  4 goblins
  4 hobgoblins
  7 kobolds
  2 ball pythons (D:1)
  7 bats
  6 giant newts
  4 rats
45 creatures vanquished.

Notes
Turn   | Place    | Note
-------+----------+-------------------------------------------
     0 | D:1      | pppaaasssddd the Minotaur Fighter began the quest for the Orb.
     0 | D:1      | Reached XP level 1. HP: 19/19 MP: 0/0
    44 | D:1      | Reached XP level 2. HP: 23/26 MP: 1/1
   834 | D:1      | Reached XP level 3. HP: 29/33 MP: 2/2
  1081 | D:2      | Reached skill level 1 in Dodging
  1083 | D:2      | Reached XP level 4. HP: 22/40 MP: 3/3
  1457 | D:2      | Noticed Natasha
  1461 | D:2      | Killed Natasha
  1489 | D:2      | Noticed Natasha
  1504 | D:2      | HP: 1/60 [Natasha/magic dart (6)]
  1505 | D:2      | Succumbed to an adder's poison

Vault maps used:
D:1:      minmay_arrival_checkered_box, minmay_misc_feat_square, minmay_tall_x
D:2:      nrook_mini_backslash, uniq_natasha

Skill      XL: |  1  2  3  4 |
---------------+-------------+-----
Axes           | 3 |  3.9
Armour         | 4 |  4.3
Dodging        | 1 |  1.8
Shields        | 4 |  4.1
Fighting       | 4 |  4.1
Spellcasting   | |  0.6

Action                   |  1- 3 |  4- 6 || total
-------------------------+-------+-------++-------
Melee: War axe           |    55 |    32 ||    87
       Headbutt          |     8 |     4 ||    12
  Use: Potion            |     1 |     3 ||     4
  Eat: Chunk             |     1 |     1 ||     2
Armor: Scale mail        |    24 |    26 ||    50
Dodge: Dodged            |    31 |    14 ||    45
Block: Shield            |    28 |    23 ||    51
